 Dungeon Crawl Stone Soup version 0.27-a0-1456-gf5a116941d (webtiles) character file.

Game seed: 5302100005121354203

47 Sabo the Shield-Bearer (level 3, -4/24 HPs)
             Began as a Gargoyle Fighter on July 5, 2021.
             Was a Follower of the Shining One.
             Slain by a gnoll (5 damage)
             ... on level 2 of the Dungeon.
             The game lasted 00:06:44 (1272 turns).

Sabo the Shield-Bearer (Gargoyle Fighter)           Turns: 1272, Time: 00:06:45

Health: -4/24      AC: 12    Str: 18 (20) XL:     3   Next: 70%
Magic:  3/3        EV:  7    Int:  5 (8)  God:    the Shining One [*.....]
Gold:   18         SH:  9    Dex:  8 (9)  Spells: 2/2 levels left

rFire    . . .     SeeInvis .   j - +6 dagger (venom)
rCold    . . .     Faith    .   c - +0 kite shield
rNeg     + . .     Spirit   .   b - +0 scale mail
rPois    ∞         Reflect  .   g - +0 helmet
rElec    +         Harm     .   (no cloak)
rCorr    .         Rampage  .   l - +0 pair of gloves
Will     .....                  (no boots)
Stlth    ..........             (no amulet)
HPRegen  0.08/turn              (no ring)
MPRegen  0.08/turn              (no ring)

@: mighty, glowing
A: sickness immunity, AC +3, negative energy resistance 1, electricity
resistance, torment resistance 1, petrification resistance
a: Renounce Religion


You were on level 2 of the Dungeon.
You worshipped the Shining One.
The Shining One was aware of your devotion.
You visited 1 branch of the dungeon, and saw 2 of its levels.

You collected 46 gold pieces.
You spent 28 gold pieces at shops.

Inventory:

Hand Weapons
 a - a +0 war axe
 j - a +6 dagger of venom (weapon)
Missiles
 h - 38 arrows
 i - 21 sling bullets
Armour
 b - a +0 scale mail (worn)
 c - a +0 kite shield (worn)
 g - a +0 helmet (worn)
 l - a +0 pair of gloves (worn)
Scrolls
 e - a scroll of identify


   Skills:
 + Level 3.7 Fighting
 + Level 0.2 Short Blades
 + Level 2.3 Axes
 + Level 3.7 Armour
 + Level 3.8 Shields


You had 2 spell levels left.
You didn't know any spells.
Your spell library contained the following spells:

 Spells                   Type           Power      Damage    Failure   Level
 Apportation              Tloc           0%         N/A       100%        1
 Freeze                   Ice            0%         1d3       100%        1
 Summon Small Mammal      Summ           0%         N/A       100%        1


Dungeon Overview and Level Annotations

Branches:
Dungeon (2/15)

Altars:
The Shining One

Shops:
D:2 ?


Innate Abilities, Weirdness & Mutations

You are immune to sickness and miasma.
Your stone body is resilient. (AC +3)
You are immune to poison.
You resist negative energy. (rN+)
You are resistant to electric shocks. (rElec)
You are resistant to unholy torment.
You are immune to petrification.


Message History

The giant cockroach bites you but does no damage.
The kobold hits you but does no damage. You block the gnoll's attack.
An endoplasm comes into view.
The kobold closely misses you. You block the rat's attack.
You hit the kobold but do no damage.
The kobold is poisoned.
The giant cockroach bites you but does no damage.
The gnoll closely misses you. You block the rat's attack.
The kobold hits you but does no damage.
You barely miss the kobold. The giant cockroach barely misses you.
You block the gnoll's attack. The gnoll hits you but does no damage.
The rat bites you but does no damage. You block the kobold's attack.
You block the giant cockroach's attack.
You closely miss the kobold.
The kobold is moderately wounded.
The giant cockroach bites you but does no damage.
The gnoll barely misses you.
The gnoll hits you from afar with a +0 halberd!
You block the rat's attack. The kobold closely misses you.
You completely miss the kobold.
The kobold is heavily wounded.
You kill the kobold!
You block the giant cockroach's attack. You block the gnoll's attack.
The gnoll completely misses you. The rat bites you but does no damage.
The giant cockroach barely misses you. The gnoll hits you with a +0 flail.
The gnoll closely misses you. The rat bites you but does no damage.
You feel very mighty all of a sudden. You block the giant cockroach's attack.
The gnoll hits you from afar with a +0 halberd!
* * * LOW HITPOINT WARNING * * *
The gnoll hits you but does no damage. The rat barely misses you.
You barely miss the gnoll.
The giant cockroach bites you but does no damage.
You block the gnoll's attack. The gnoll hits you but does no damage.
You block the rat's attack.
You puncture the gnoll!
You kill the gnoll!
The giant cockroach bites you but does no damage.
The gnoll hits you from afar with a +0 halberd.
You die...

.#..#.# .. .....#
..# ....### #..
#..... ##..##....
..#......#
...#...r.#
#..#:JB@#
##...#.))#
.......#g.#.#
#..####...#.# #.(
#..##.#
#..####..##.#
#..#...#.#..#
#[...#..∩...#
##....)#.##.###.#


You could see a gnoll, an endoplasm, a giant cockroach and a rat.

Vanquished Creatures
  2 gnolls (D:2)
  2 dart slugs (D:1)
  2 endoplasms (D:1)
  4 goblins (D:1)
  7 hobgoblins (D:1)
  3 jackals (D:1)
  3 kobolds
  A quokka (D:1)
  3 bats
  A frilled lizard (D:2)
  3 rats (D:1)
31 creatures vanquished.

Notes
Turn   | Place    | Note
-------+----------+-------------------------------------------
     0 | D:1      | Sabo the Gargoyle Fighter began the quest for the Orb.
     0 | D:1      | Reached XP level 1. HP: 14/14 MP: 1/1
    70 | D:1      | Reached XP level 2. HP: 19/19 MP: 2/2
   228 | D:1      | Found a faded altar of an unknown god.
   243 | D:1      | Became a worshipper of the Shining One
   243 | D:1      | Reached * piety under the Shining One
   257 | D:1      | Got Witchcraft, Part One
   634 | D:1      | Reached XP level 3. HP: 24/24 MP: 3/3
  1049 | D:2      | Found Jiarr's Magic Scroll Emporium.
  1254 | D:2      | Bought a scroll of identify for 28 gold pieces
  1270 | D:2      | HP: 1/24 [gnoll (7)]
  1272 | D:2      | Slain by a gnoll

Illustrated notes

Levels and vault maps discovered:
D:1:      minmay_arrival_stair_chambers, layout_basic,
          hellmonk_ecumenical_altar_lost_god
D:2:      layout_loops_ring, serial_shops, nicolae_shop_crystal, basic_altar,
          minivault_26, minmay_tiny_reverse_x

Skill      XL: |  1  2 |
---------------+-------+-----
Axes           | 2 |  2.3
Fighting       | |  3.7
Short Blades   | |  0.2
Armour         | |  3.7
Shields        | |  3.8

Action                   || total
-------------------------++-------
Melee: War axe           ||    28
       Dagger            ||    29
  Use: Potion            ||     2
       Scroll            ||     1
Armor: Scale mail        ||    59
Dodge: Dodged            ||    29
Block: Kite shield       ||    48

Table legend: (Time is in decaauts)
 A = Elapsed time spent in this place.
 B = Non-inter-level travel time spent in this place.
 C = Inter-level travel time spent in this place.
 D = Time resting spent in this place.
 E = Time spent auto-exploring this place.
 F = Levels seen in this place.
 G = Mean time per level.
                   A        B        C        D        E       F      G
               +--------+--------+--------+--------+--------+-----+--------+
         Total |   1296 |   1296 |      0 |    429 |      0 |   2 |  648.0 |
       Dungeon |   1296 |   1296 |      0 |    429 |      0 |   2 |  648.0 |
               +--------+--------+--------+--------+--------+-----+--------+

Top non-repeatable levels by time:
     D:1: 1070 daAuts
     D:2: 225 daAuts
